 Dungeon Crawl Stone Soup version 0.29.0-11-gd7f09526c8 (webtiles) character file.

Game seed: 10903881835851251369

366 experimilk the Cudgeller (level 6, 0/50 HPs)
             Began as a Palentonga Fighter on Sept 5, 2022.
             Was a Believer of Uskayaw.
             Slain by a hobgoblin (2 damage)
             ... on level 4 of the Dungeon.
             The game lasted 00:09:38 (4045 turns).

experimilk the Cudgeller (Palentonga Fighter)       Turns: 4045, Time: 00:09:39

Health: 0/50       AC:  8    Str: 23    XL:     6   Next: 40%
Magic:  2/6        EV:  5    Int:  9    God:    Uskayaw [**....]
Gold:   159        SH:  4    Dex:  9    Spells: 5/5 levels left

rFire   . . .      SeeInvis +   a - +0 flail
rCold   . . .      Faith    .   c - +0 buckler
rNeg    . . .      Spirit   .   m - +1 chain mail {rPois}
rPois   +          Reflect  .   (no helmet)
rElec   .          Harm     .   (no cloak)
rCorr   .          Rampage  .   (no gloves)
Will    .....                   (no barding)
Stlth   ..........              (no amulet)
HPRegen 0.16/turn               (no ring)
MPRegen 0.10/turn               (no ring)

@: no status effects
A: large, rugged brown scales 3, see invisible, deformed body, roll 1, armoured
tail
a: Rolling Charge, Renounce Religion, Stomp, Line Pass


You were on level 4 of the Dungeon.
You worshipped Uskayaw.
Uskayaw was noncommittal.
You visited 1 branch of the dungeon, and saw 4 of its levels.

You collected 159 gold pieces.

Inventory:

Hand Weapons
 a - a +0 flail (weapon)
Armour
 c - a +0 buckler (worn)
 m - a +1 chain mail of poison resistance (worn)
Scrolls
 g - 2 scrolls of vulnerability
 k - a scroll of immolation
 n - a scroll of brand weapon {unknown}
Potions
 d - a potion of curing {unknown}
 e - 2 potions of lignification
 h - a potion of mutation {unknown}
 i - a potion of haste
 j - a potion of cancellation {unknown}
 l - a potion of attraction {unknown}


   Skills:
 - Level 3.0 Fighting
 + Level 6.9 Maces & Flails
 - Level 2.4 Armour
 - Level 2.6 Shields


You had 5 spell levels left.
You didn't know any spells.
Your spell library contained the following spells:

 Spells                   Type           Power      Damage    Failure   Level
 Necrotise                Necr           0%         1d4       99%         1
 Confusing Touch          Hex            0%         N/A       100%        3
 Yara's Violent Unravell  Hex/Tmut       0%         3d3       100%        5
 Enfeeble                 Hex            0%         N/A       100%        7


Dungeon Overview and Level Annotations

Branches:
Dungeon (4/15)
 Temple: D:4-7

Altars:
Cheibriados
Fedhas
Hepliaklqana
Sif Muna
Uskayaw
Vehumet
Xom

Annotations:
D:3 Robin


Innate Abilities, Weirdness & Mutations

You are completely covered in rugged brown scales. (AC +3, +7% HP)
You have supernaturally acute eyesight. (SInv)
Armour fits poorly on your strangely shaped body.
You can roll at nearby foes to attack.
You have a long armoured tail.


Message History

Really quaff the potion of lignification?
Okay, then.
You closely miss the orc priest.
Your tail-slap misses the orc priest.
The orc priest is lightly wounded.
The kobold hits you but does no damage. x2; The orc barely misses you.
The orc priest hits you with a +0 mace.
You closely miss the orc priest.
The orc priest is lightly wounded.
You block the kobold's attack. The orc hits you but does no damage.
The orc priest hits you but does no damage.
You hit the orc priest but do no damage.
The orc priest is lightly wounded.
The kobold hits you but does no damage. x2
The orc hits you but does no damage. The orc priest hits you with a +0 mace.
* * * LOW HITPOINT WARNING * * *
Unknown command.
You hit the orc priest.
The orc priest is moderately wounded.
The kobold hits you but does no damage.
The hobgoblin hits you but does no damage.
The orc hits you but does no damage.
The orc priest invokes the aid of Beogh against you.
Beogh smites you!
* * * LOW HITPOINT WARNING * * *
You block the kobold's attack.
As you read the scroll labelled UCHESE QIOT, it crumbles to dust.
You feel a surge of unholy energy.
The orc convulses!
The orc priest convulses!
The hobgoblin convulses!
It was a scroll of torment.
The kobold hits you with a +0 club.
* * * LOW HITPOINT WARNING * * *
The hobgoblin hits you but does no damage.
You block the orc's attack.
The orc priest hits you but does no damage.
You can now pass through a line of other dancers.
As you read the scroll labelled NAESODAS JUNYNWYX, it crumbles to dust.
You hear a loud clanging noise!
It was a scroll of noise.
The kobold hits you with a +0 club.
* * * LOW HITPOINT WARNING * * *
The hobgoblin hits you.
You die...

##... #.... #######
#.... ....... #....
.......##### #....
.........?.# #....
...........# ##.##
......gKo..##########.##
.......@oo).............
.....#.######.#######.##
... #. ...# #.## . #.
##### #... #) ####### #.
....... #^ # ####### #.
.. ....... .#.######.


You could see an orc priest, 2 orcs, a hobgoblin and a kobold (fast).

Vanquished Creatures
  A scorpion (D:3)
  A necrophage (D:4)
  Ijyb (D:4)
  8 adders
  4 gnolls (D:2)
  3 worms
  2 dart slugs (D:2)
  6 orcs
  7 endoplasms
  A giant cockroach (D:3)
  6 hobgoblins
  8 jackals
  4 quokkas
  10 ball pythons
  5 bats
  3 frilled lizards
  7 goblins
  2 kobolds (D:3)
  3 rats
82 creatures vanquished.

Vanquished Creatures (others)
  An orc wizard (D:4)
  An adder (D:4)
2 creatures vanquished.

Grand Total: 84 creatures vanquished

Notes
Turn   | Place    | Note
-------+----------+-------------------------------------------
     0 | D:1      | experimilk the Palentonga Fighter began the quest for the
                  | Orb.
     0 | D:1      | Reached XP level 1. HP: 19/19 MP: 1/1
   397 | D:1      | Reached XP level 2. HP: 25/25 MP: 2/2
   465 | D:1      | Found a faded altar of an unknown god.
   469 | D:1      | Reached skill level 3 in Maces & Flails
   497 | D:1      | Got Plato's Cyclopedia of Shadows
  1344 | D:2      | Reached XP level 3. HP: 29/31 MP: 3/3
  1485 | D:2      | You fall into a shaft and drop 1 floor!
  1829 | D:2      | Reached skill level 4 in Maces & Flails
  2112 | D:2      | Reached XP level 4. HP: 34/37 MP: 4/4
  2438 | D:2      | Reached skill level 5 in Maces & Flails
  2832 | D:3      | Noticed a scorpion
  2843 | D:3      | Killed a scorpion
  2844 | D:3      | Reached XP level 5. HP: 38/43 MP: 5/5
  3143 | D:3      | Found a snail-covered altar of Cheibriados.
  3188 | D:3      | Noticed Robin
  3372 | D:3      | Reached skill level 6 in Maces & Flails
  3426 | D:3      | Found a blossoming altar of Fedhas.
  3427 | D:3      | Found a hide-covered altar of Uskayaw.
  3429 | D:3      | Found a shimmering blue altar of Sif Muna.
  3430 | D:3      | Found a radiant altar of Vehumet.
  3431 | D:3      | Found a shimmering altar of Xom.
  3564 | D:3      | Became a worshipper of Uskayaw the Reveller
  3591 | D:4      | Noticed Ijyb
  3596 | D:4      | Reached * piety under Uskayaw
  3597 | D:4      | Killed Ijyb
  3603 | D:4      | Found a hazy altar of Hepliaklqana.
  3612 | D:4      | Reached ** piety under Uskayaw
  3616 | D:4      | Reached XP level 6. HP: 7/49 MP: 1/6
  4044 | D:4      | HP: 2/50 [kobold/+0 club (1)]
  4045 | D:4      | Slain by a hobgoblin

Illustrated notes

Levels and vault maps discovered:
D:1:      dpeg_arrival_central, layout_loops_ring,
          shapermc_ecumenical_altar_rom_forum
D:2:      layout_basic, minmay_misc_feat_doors, minmay_tetromino_o2
D:3:      layout_basic, minitemple, uniq_robin
D:4:      layout_basic, kennysheep_mini_moat, minmay_misc_feat_diagonals,
          minmay_misc_feat_rugged, uniq_duvessa, uniq_ijyb

Skill      XL: |  1  2  3  4  5 |
---------------+----------------+-----
Maces & Flails | 3 4 5 6 |  6.9
Fighting       | |  3.0
Armour         | |  2.4
Shields        | |  2.6

Action                   |  1- 3 |  4- 6 || total
-------------------------+-------+-------++-------
Melee: Flail             |   104 |   180 ||   284
       Tailslap          |     5 |    16 ||    21
Invok: Line Pass         |       |     2 ||     2
 Abil: Rolling Charge    |    27 |    27 ||    54
  Use: Scroll            |     4 |     6 ||    10
       Potion            |       |     3 ||     3
Armor: Scale mail        |    55 |    18 ||    73
       Skin              |       |    12 ||    12
       Chain mail        |       |    96 ||    96
Dodge: Dodged            |    49 |    40 ||    89
Block: Buckler           |    19 |    42 ||    61
